 Dungeon Crawl Stone Soup version 0.30-a0-354-g6b83867211 (webtiles) character file.

Game seed: 8665570051529433884

332 Sweetruy1997 the Chopper (level 6, -10/49 HPs)
             Began as a Demonspawn Chaos Knight on Nov 8, 2022.
             Was a Plaything of Xom.
             Killed from afar by an acid dragon (28 damage)
             ... with a splash of acid
             ... on level 4 of the Dungeon.
             The game lasted 00:06:45 (2512 turns).

Sweetruy1997 the Chopper (Demonspawn Chaos Knight)  Turns: 2512, Time: 00:06:47

Health: -10/49     AC: 11    Str: 16    XL:     6   Next: 26%
Magic:  6/6        EV:  7    Int: 14    God:    Xom [......]
Gold:   200        SH:  0    Dex: 14    Spells: 5/5 levels left

rFire   x . .      SeeInvis .    a - +0 hand axe (chaos)
rCold   + . .      Faith    .    (no shield)
rNeg    + . .      Spirit   .    o - +5 chain mail of Hedging {rPois rN+ Str+4 Slay+6}
rPois   +          Reflect  .    (helmet restricted)
rElec   .          Harm     .    (no cloak)
rCorr   .          Rampage  .    (no gloves)
Will    +....                    (no boots)
Stlth   ..........               (no amulet)
HPRegen 0.28/turn                e - ring of ice
MPRegen 0.10/turn                k - ring of willpower

@: corroded
A: antennae 1, icy blue scales 1, foul stench 1
a: Renounce Religion


You were on level 4 of the Dungeon.
You worshipped Xom.
You were a very special plaything of Xom.
You visited 1 branch of the dungeon, and saw 4 of its levels.

You collected 210 gold pieces.
You spent 10 gold pieces at shops.

Inventory:

Hand Weapons
 a - a +0 hand axe of chaos (weapon)
Missiles
 m - 2 boomerangs (quivered)
Armour
 o - the +5 chain mail of Hedging (worn) {rPois rN+ Str+4 Slay+6}
   (You found it on level 2 of the Dungeon)

   Str:       It affects your strength (+4).
   Slay:      It affects your accuracy & damage with ranged weapons and melee
   (+6).
   rPois:     It protects you from poison.
   rN:        It protects you from negative energy.
Jewellery
 e - a ring of ice (left hand)
 k - a ring of willpower (right hand)
Wands
 p - a wand of mindburst (8)
Scrolls
 f - 3 scrolls of teleportation
 g - a scroll of amnesia {unknown}
 j - a scroll of butterflies {unknown}
 l - a scroll of identify
 r - a scroll of fear {unknown}
 s - a scroll of blinking {unknown}
 u - a scroll of vulnerability {unknown}
Potions
 b - a potion of brilliance {unknown}
 d - 5 potions of flight
 h - a potion of heal wounds
 i - a potion of magic {unknown}
 n - 3 potions of mutation {unknown}
 q - 2 potions of might {unknown}
 t - a potion of resistance {unknown}
Miscellaneous
 c - a piece from Xom's chessboard (13/15)


   Skills:
 + Level 4.3 Fighting
 + Level 4.8 Axes
 + Level 1.0 Throwing
 - Level 2.0 Armour
 - Level 2.0 Dodging
 + Level 1.2 Stealth
 + Level 0.7 Evocations


You had 5 spell levels left.
You didn't know any spells.
Your spell library contained the following spells:

 Spells                   Type           Power      Damage    Failure   Level
 Freeze                   Ice            0%         1d3       99%         1
 Frozen Ramparts          Ice            0%         1d1       100%        3
 Hailstorm                Conj/Ice       0%         3d3       100%        3
 Ice Form                 Ice/Tmut       0%         N/A       100%        4
 Summon Ice Beast         Ice/Summ       0%         N/A       100%        4


Dungeon Overview and Level Annotations

Branches:
Dungeon (4/15)
 Temple: D:4-7

Altars:

Shops:
D:1 !


Innate Abilities, Weirdness & Mutations

You have a pair of small antennae on your head.
You are partially covered in icy blue scales. (AC +2)
You may rarely emit foul miasma when damaged in melee.


Message History

The boomerang hits the ball python!
You kill the ball python!
You throw a boomerang.
The boomerang hits the ice beast but does no damage.
The ice beast is heavily wounded. "This might be better!"
The ice beast evaporates and reforms as an acid dragon!
You are now a very special plaything of Xom.
The acid dragon spits acid at you. The splash of acid hits you!
The acid corrodes you!
You throw a boomerang.
The boomerang barely misses the acid dragon.
You throw a boomerang. The boomerang hits the acid dragon.
The acid dragon is lightly wounded.
The acid dragon bites you.
The acid dragon claws you but does no damage.
You make a move on Xom's chessboard...
The acid dragon is outlined in light.
The acid dragon bites you.
The acid dragon claws you but does no damage.
You make a move on Xom's chessboard...
The acid dragon seems to grow stronger.
The acid dragon bites you!
* * * LOW HITPOINT WARNING * * *
The acid dragon closely misses you.
You feel much better.
The acid dragon bites you but does no damage.
The acid dragon closely misses you.
You hit the acid dragon.
You feel better.
The acid dragon is lightly wounded.
The acid dragon bites you but does no damage.
The acid dragon claws you!
You hit the acid dragon.
The acid dragon is lightly wounded.
The acid dragon bites you! The acid dragon claws you.
You hit the acid dragon but do no damage.
The acid dragon is lightly wounded.
The acid dragon spits acid at you. The splash of acid hits you!!
Ouch! That really hurt!
You die...
Xom titters!

...... #....†. .......
...?... ###### .......
#.>...####.......
#......##.D......
#......##@....... #
#..........#..... ##
#..........# ..# ##.
#..........# # ###..
#.........## ###....
##.........### ####......
##......#...####.........
#......###..............
...###### ###............


You could see an acid dragon (strong, catching breath, corona).

Vanquished Creatures
  A scorpion (D:4)
  An orc priest (D:3)
  A hound (D:4)
  3 orc wizards (D:3)
  7 adders
  A dart slug (D:1)
  5 orcs (D:3)
  9 ball pythons
  3 bats
  9 endoplasms
  3 giant cockroaches
  7 goblins
  5 hobgoblins
  3 jackals (D:4)
  5 kobolds
  7 quokkas
  A frilled lizard (D:1)
  5 rats
76 creatures vanquished.

Vanquished Creatures (others)
  A plant (D:1)
1 creature vanquished.

Grand Total: 77 creatures vanquished

Notes
Turn   | Place    | Note
-------+----------+-------------------------------------------
     0 | D:1      | Sweetruy1997 the Demonspawn Chaos Knight began the quest
                  | for the Orb.
     0 | D:1      | Reached XP level 1. HP: 18/18 MP: 1/1
   144 | D:1      | Found Yxuczapp's Distillery.
   157 | D:1      | Bought a potion of degeneration for 10 gold pieces
   179 | D:1      | Gained mutation: You may rarely emit foul miasma when
                  | damaged in melee. [demonic ancestry]
   179 | D:1      | Reached XP level 2. HP: 15/24 MP: 2/2
   441 | D:1      | XOM: silly message
   454 | D:1      | Reached skill level 1 in Dodging
   513 | D:1      | Reached XP level 3. HP: 27/30 MP: 3/3
  1050 | D:2      | Reached XP level 4. HP: 34/37 MP: 4/4
  1116 | D:2      | XOM: silly message
  1125 | D:2      | XOM: smoke on damage
  1581 | D:2      | Identified the +5 chain mail of Hedging {rPois rN+ Str+4
                  | Slay+6}
  1739 | D:3      | Gained mutation: You have a pair of small antennae on your
                  | head. [demonic ancestry]
  1739 | D:3      | Reached XP level 5. HP: 29/42 MP: 5/5
  1767 | D:3      | XOM: silly message
  1830 | D:3      | XOM: 1-stop teleportation journey
  1846 | D:3      | XOM: noise
  1855 | D:3      | Reached skill level 1 in Stealth
  1884 | D:3      | XOM: silly message
  2045 | D:3      | XOM: swap monsters
  2090 | D:3      | XOM: 5-stop teleportation journey
  2305 | D:4      | Gained mutation: You are partially covered in icy blue
                  | scales. (AC +2) [demonic ancestry]
  2305 | D:4      | Reached XP level 6. HP: 48/48 MP: 6/6
  2365 | D:4      | XOM: fog
  2371 | D:4      | XOM: god gift: book of Rime
  2492 | D:4      | Reached skill level 1 in Throwing
  2501 | D:4      | Noticed an ice beast
  2504 | D:4      | an ice beast changed into an acid dragon
  2504 | D:4      | Noticed an acid dragon
  2504 | D:4      | XOM: polymorph ice beast -> acid dragon
  2512 | D:4      | Killed from afar by an acid dragon

Illustrated notes

Levels and vault maps discovered:
D:1:      eino_arrival_tree_alley, layout_basic, serial_shops,
          nicolae_shop_trees
D:2:      layout_basic, minivault_24
D:3:      layout_rooms
D:4:      layout_cave_pods, minmay_mini_jars

Skill      XL: |  1  2  3  4  5  6 |
---------------+-------------------+-----
Armour         | 2 |  2.0
Dodging        | 1 2 |  2.0
Axes           | 3 4 |  4.8
Fighting       | 4 |  4.3
Stealth        | 1 |  1.2
Throwing       | 1 |  1.0
Evocations     | |  0.7

Action                   |  1- 3 |  4- 6 || total
-------------------------+-------+-------++-------
Melee: Hand axe          |   106 |   103 ||   209
Throw: Boomerang         |       |    28 ||    28
Evoke: Piece from Xom's  |     5 |     6 ||    11
  Use: Scroll            |     2 |     1 ||     3
       Potion            |       |     1 ||     1
 Stab: Paralysed         |     3 |       ||     3
Armor: Leather armour    |    52 |    17 ||    69
       Chain mail        |       |    53 ||    53
Dodge: Dodged            |    52 |    44 ||    96

Table legend: (Time is in decaauts)
 A = Elapsed time spent in this place.
 B = Non-inter-level travel time spent in this place.
 C = Inter-level travel time spent in this place.
 D = Time resting spent in this place.
 E = Time spent auto-exploring this place.
 F = Levels seen in this place.
 G = Mean time per level.
                   A        B        C        D        E       F      G
               +--------+--------+--------+--------+--------+-----+--------+
         Total |   2545 |   2474 |     71 |      0 |   1899 |   4 |  636.2 |
       Dungeon |   2545 |   2474 |     71 |      0 |   1899 |   4 |  636.2 |
               +--------+--------+--------+--------+--------+-----+--------+

Top non-repeatable levels by time:
     D:1: 904 daAuts
     D:2: 836 daAuts
     D:3: 495 daAuts
     D:4: 309 daAuts
